 Dungeon Crawl Stone Soup version 0.29.1-15-g9cfb28693d (webtiles) character file.

Game seed: 12888957041796209615

1130 CatalinOSBI the Reanimator (level 8, 0/46 HPs)
             Began as a Deep Elf Necromancer on Apr 4, 2023.
             Was an Initiate of Ashenzari.
             Constricted to death by Edmund (4 damage)
             ... on level 6 of the Dungeon.
             The game lasted 00:36:01 (5746 turns).

CatalinOSBI the Reanimator (Deep Elf Necromancer)   Turns: 5746, Time: 00:36:02

Health: 0/46       AC:  5    Str:  5    XL:     8   Next: 13%
Magic:  23/23      EV: 13    Int: 23    God:    Ashenzari [......]
Gold:   205        SH:  0    Dex: 15    Spells: 17/25 levels left

rFire   . . .      SeeInvis .   q - staff of death
rCold   . . .      Faith    .   (no shield)
rNeg    + . .      Spirit   .   a - +0 robe
rPois   .          Reflect  .   s - +0 helmet "Inaction of Ashenzari" {Elem, Self} (curse)
rElec   .          Harm     .   g - +0 cloak
rCorr   .          Rampage  .   (no gloves)
Will    .....                   B - +0 pair of boots
Stlth   ++........              (no amulet)
HPRegen 0.15/turn               j - +4 ring of evasion
MPRegen 0.18/turn               (no ring)

@: grasped by roots, constricted
A: no striking features
a: Renounce Religion, Curse Item, Shatter the Chains


You were on level 6 of the Dungeon.
You worshipped Ashenzari.
Ashenzari was noncommittal.
You visited 2 branches of the dungeon, and saw 7 of its levels.

You collected 205 gold pieces.

Inventory:

Hand Weapons
 c - a +0 short sword
Missiles
 n - 12 poisoned darts (quivered)
Armour
 a - a +0 robe (worn)
 g - a +0 cloak (worn)
 s - the cursed +0 helmet "Inaction of Ashenzari" (worn) {Elem, Self}
   (You found it on level 3 of the Dungeon)

   It has a curse which improves the following skills: Elements: Fire Magic, Ice
   Magic, Air Magic and Earth Magic.
   Introspection: Fighting and Spellcasting.
 B - a +0 pair of boots (worn)
Magical Staves
 q - a staff of death (weapon)
 t - a staff of earth
Jewellery
 j - a +4 ring of evasion (left hand)
Wands
 h - a wand of roots (5)
 m - a wand of flame (35)
 z - a wand of acid (6)
Scrolls
 d - 2 scrolls of fear {unknown}
 e - 2 scrolls of silence {unknown}
 f - 3 scrolls of amnesia {unknown}
 i - a scroll of brand weapon {unknown}
 k - 3 scrolls of noise
 o - 2 scrolls of immolation {unknown}
 u - a scroll of summoning {unknown}
 v - 3 scrolls of blinking {unknown}
 y - a scroll of enchant armour
 C - a scroll of vulnerability {unknown}
Potions
 b - a potion of magic
 l - a potion of flight
 p - a potion of mutation
 r - 2 potions of might
 w - a potion of lignification {unknown}
 x - a potion of brilliance


   Skills:
 - Level 2.6(3.0) Fighting
 - Level 2.6 Dodging
 - Level 2.6 Stealth
 * Level 8.8(9.2) Spellcasting
 * Level 8.9 Necromancy


You had 17 spell levels left.
You knew the following spells:

 Your Spells              Type           Power      Damage    Failure   Level
a - Necrotise             Necr           100%       1d9       1%          1
b - Vampiric Draining     Necr           67%        2d10      1%          3
c - Animate Dead          Necr           67%        N/A       1%          4

Your spell library contained the following spells:

 Spells                   Type           Power      Damage    Failure   Level
 Agony                    Necr           67%        N/A       4%          5
 Ensorcelled Hibernation  Hex/Ice        20%        N/A       10%         2
 Anguish                  Hex/Necr       23%        N/A       10%         4
 Spider Form              Tmut/Pois      10%        N/A       19%         3


Dungeon Overview and Level Annotations

Branches:
Dungeon (6/15)             Temple (1/1) D:5

Altars:
Ashenzari
Cheibriados
Dithmenos
Elyvilon
Fedhas
Gozag
Hepliaklqana
Kikubaaqudgha
Makhleb
Nemelex Xobeh
Okawaru
Qazlal
Trog
Uskayaw
Vehumet
Wu Jian
Xom
Yredelemnul
The Shining One

Annotations:
D:4 exclusion: upstairs, Pikel
D:5 exclusions: downstairs and upstairs
D:6 Edmund


Message History

Edmund zaps a wand.
The roots erupt in riotous growth!
The grasping roots grab you! The grasping roots constrict you.
You escape the roots grasp.
You see here 6 stones.
Edmund zaps a wand.
The roots erupt in riotous growth!
The grasping roots grab you! The grasping roots constrict you.
You escape the roots grasp.
Edmund zaps a wand.
The roots erupt in riotous growth!
The grasping roots grab you! The grasping roots constrict you.
Ashenzari invites you to partake of a vision and a curse of alchemy and evocations.
Aiming: Fastroot
Press: ? - help, Q - select action, (/) - cycle Shift-Dir - straight line, p - Edmund The roots erupt in riotous growth!
Roots grab Edmund.
The grasping roots constrict Edmund, but do no damage.
Edmund struggles to escape constriction.
The grasping roots constrict you.
* * * LOW HITPOINT WARNING * * *
Unknown command.
You escape the roots grasp.
The roots lose their grip on something.
Edmund zaps a wand.
The roots erupt in riotous growth!
The grasping roots grab you! The grasping roots constrict you.
* * * LOW HITPOINT WARNING * * *
There is an open door here.
You escape the roots grasp.
There is an open door here.
You close the door.
Edmund opens the door.
Edmund zaps a wand.
The roots erupt in riotous growth!
The grasping roots grab you! The grasping roots constrict you.
* * * LOW HITPOINT WARNING * * *
You hear an angry growl.
You hear a shout!
The roots grasp on you weakens, but your attempt to escape fails.
The grasping roots constrict you.
You die...

##.##.# #.# #.@##.#
#.# #####.###.# #'#
#.........# ...
####.....## #... ##
##.@.....# #...
#.###..#.....# ##+#
#..#..##.....# #
#.@.###.....# .#
##>.# #.....#####.#
#....##.....##....#
#....##.........#
#....##.........#
#....#######....#
+....# #....#
#....# #....#
#....#


You could see Edmund.

Vanquished Creatures
  A water moccasin (D:5)
  2 black bears (D:5)
  2 ice beasts
  A scorpion (D:5)
  3 hounds
  A jelly (D:5)
  3 iguanas (D:5)
  3 orc wizards
  Natasha (D:4)
  9 adders
  A gnoll (D:5)
  An ufetubus (D:5)
  2 worms
  17 orcs
  4 bats (D:1)
  6 endoplasms
  3 giant cockroaches
  4 goblins
  7 hobgoblins
  7 quokkas
  3 ball pythons
  4 frilled lizards
  8 kobolds
  4 rats
97 creatures vanquished.

Vanquished Creatures (collateral kills)
  A scorpion (D:5)
  A jelly (D:5)
  An iguana (D:5)
  An orc (D:6)
  A giant cockroach (D:1)
  A goblin (D:1)
  2 kobolds
8 creatures vanquished.

Vanquished Creatures (others)
  An ice beast zombie (D:6)
  An adder zombie (D:6)
  An iguana zombie (D:5)
  2 orc zombies (D:6)
  18 plants (D:5)
23 creatures vanquished.

Grand Total: 128 creatures vanquished

Notes
Turn   | Place    | Note
-------+----------+-------------------------------------------
     0 | D:1      | CatalinOSBI the Deep Elf Necromancer began the quest for
                  | the Orb.
     0 | D:1      | Reached XP level 1. HP: 10/10 MP: 6/6
    25 | D:1      | Found a faded altar of an unknown god.
    74 | D:1      | Reached skill level 5 in Necromancy
    83 | D:1      | Reached XP level 2. HP: 12/15 MP: 0/8
   803 | D:1      | Reached XP level 3. HP: 20/20 MP: 8/10
  2092 | D:3      | Reached skill level 1 in Fighting
  2092 | D:3      | Reached XP level 4. HP: 25/25 MP: 1/12
  2190 | D:3      | Found a broken altar of Ashenzari.
  2212 | D:3      | Became a worshipper of Ashenzari the Shackled
  2466 | D:3      | Learned a level 3 spell: Vampiric Draining
  2532 | D:3      | Noticed a necrophage
  3172 | D:4      | Reached skill level 5 in Spellcasting
  3172 | D:4      | Reached XP level 5. HP: 29/29 MP: 6/14
  3560 | D:4      | Noticed Natasha
  3564 | D:4      | Killed Natasha
  3705 | D:4      | Noticed a lemure
  3705 | D:4      | Noticed a lemure
  3705 | D:4      | Noticed a lemure
  3705 | D:4      | Noticed a lemure
  3706 | D:4      | Noticed Pikel
  3888 | D:5      | Entered Level 5 of the Dungeon
  3902 | D:5      | Learned a level 4 spell: Animate Dead
  3986 | D:5      | Noticed a water moccasin
  3989 | D:5      | Reached XP level 6. HP: 35/35 MP: 12/17
  4019 | D:5      | Killed a water moccasin
  4028 | D:5      | Reached XP level 7. HP: 40/40 MP: 4/19
  4615 | D:5      | Found a staircase to the Ecumenical Temple.
  4797 | D:5      | Reached XP level 8. HP: 46/46 MP: 9/22
  5139 | Temple   | Entered the Ecumenical Temple
  5707 | D:6      | Noticed Edmund
  5746 | D:6      | Constricted to death by Edmund

Illustrated notes

Levels and vault maps discovered:
D:1:      matt_arrival_los_fun, layout_basic,
          hellmonk_ecumenical_altar_heavens_door
D:2:      layout_loops_ring
D:3:      layout_rooms, mainiacjoe_overflow_chevrons, corexii_shack, minivault_4
D:4:      layout_loops_corners, hangedman_abyss_or_decor_stabs, uniq_pikel,
          uniq_natasha
D:5:      layout_rooms, minmay_temple_entry_overgrown, serial_bayou,
          serial_bayou_shore_b, serial_bayou_shore_a, serial_bayou_lake_a,
          serial_bayou_pond_b, serial_bayou_pond_b, serial_bayou_pond_b,
          nicolae_concentric_dashed_squares_wild
D:6:      layout_basic, mainiacjoe_overflow_two_lobes,
          kennysheep_generic_room_9, uniq_edmund
Temple:   mainiacjoe_temple_coin_purse

Skill      XL: |  1  2  3  4  5  6  7 |
---------------+----------------------+-----
Necromancy     | 5 6 7 8 |  8.9
Spellcasting   | 4 5 6 8 |  8.8
Fighting       | 1 2 |  2.6
Dodging        | |  2.6
Stealth        | |  2.6

Action                   |  1- 3 |  4- 6 |  7- 9 || total
-------------------------+-------+-------+-------++-------
Melee: Short sword       |     2 |     5 |    19 ||    26
Throw: Throwing net      |       |     1 |       ||     1
 Cast: Necrotise         |    85 |    58 |    36 ||   179
       Vampiric Draining |       |    19 |    18 ||    37
       Animate Dead      |       |     1 |     2 ||     3
Invok: Curse Item        |       |     1 |       ||     1
Evoke: Wand              |       |     4 |     1 ||     5
  Use: Potion            |       |     2 |       ||     2
       Scroll            |       |     1 |     6 ||     7
Armor: Robe              |     6 |    12 |     8 ||    26
Dodge: Dodged            |    10 |    47 |    25 ||    82
